AoeStats
← tiberius el asesino de pilmeni

Arabia

505781367Analyzed
1v1 RM · 21d ago on Sep 11, 2026· 40m 40s· 2 players
Game mode
Random Map
Map size
Tiny (2 player)
Population
200
Speed
Normal
Resources
Standard
Victory
Conquest
Starting age
Dark Age
Ending age
Imperial Age
RankedLock teamsTeams togetherTeam positionsShared explorationLock speedFull tech treeHidden civsTurbo modeCheats
Victory
Defeat
🇬🇧 Armenians · United Kingdom
691
+14
645
-14
tiberius el asesino de pilmeni
5:10 Loom
13:45 Feudal Age
19:04 Castle Age
22:37 Wheelbarrow
21:56 Fletching
30:50 Double-Bit Axe
31:27 Redemption
31:18 Atonement
31:28 Fervor
35:17 Hand Cart
34:33 Crossbowman
ahmedkhaledaljaberi
12:30 Feudal Age
12:49 Man-at-Arms
13:38 Horse Collar
13:50 Arson
15:09 Arson
15:52 Long Swordsman
19:05 Bloodlines
19:43 Forging
24:26 Scale Barding Armor
24:23 Scale Mail Armor
27:52 Castle Age
28:37 Wheelbarrow
28:54 Chain Mail Armor
29:16 Iron Casting
28:29 Gambesons
29:17 Double-Bit Axe
29:51 Two-Handed Swordsman
31:18 Light Cavalry
32:12 Squires
34:37 Husbandry
Connection lost

Rejoining the realm…

Still unreachable

The connection could not be restored.

Session expired

The server has moved on; the page needs a fresh start.